 Dungeon Crawl Stone Soup version 0.22-a0-596-gfbd32a6 (webtiles) character file.

44 sking99 the Magician (level 3, 0/24 HPs)
             Began as a Demonspawn Wizard on July 5, 2018.
             Slain by Natasha (2 damage)
             ... on level 2 of the Dungeon.
             The game lasted 00:03:22 (1611 turns).

sking99 the Magician (Demonspawn Wizard)            Turns: 1611, Time: 00:03:23

Health: 0/24       AC:  2    Str:  7    XL:     3   Next: 41%
Magic:  0/7        EV: 12    Int: 20    God:
Gold:   87         SH:  0    Dex: 11    Spells: 3/8 levels left

rFire    . . .     SeeInvis .   e - +0 dagger
rCold    . . .     Gourm    .   (no shield)
rNeg     . . .     Faith    .   a - +0 robe
rPois    .         Spirit   .   b - +0 hat
rElec    .         Reflect  .   (no cloak)
rCorr    .         Harm     .   (no gloves)
MR       .....                  (no boots)
Stlth    ++........             (no amulet)
HPRegen  0.08/turn              (no ring)
MPRegen  0.10/turn              (no ring)

@: very slightly contaminated
A: talons 1
a: no special abilities


You were on level 2 of the Dungeon.
You were not hungry.

You visited 1 branch of the dungeon, and saw 2 of its levels.

You collected 87 gold pieces.

Inventory:

Hand Weapons
 e - a +0 dagger (weapon)
Armour
 a - a +0 robe (worn)
 b - a +0 hat (worn)
Wands
 i - a wand of disintegration (15)
Scrolls
 f - 4 scrolls of identify {unknown}
 g - a scroll of teleportation {unknown}
 h - a scroll of fog {unknown}
 j - a scroll of remove curse {unknown}
Comestibles
 d - 3 rations


   Skills:
 - Level 1.7 Dodging
 - Level 1.7 Stealth
 + Level 3.4 Spellcasting
 * Level 2.7 Conjurations
 + Level 1.1 Summonings
 + Level 1.0 Translocations


You had 3 spell levels left.
You knew the following spells:

 Your Spells              Type           Power        Failure   Level  Hunger
a - Magic Dart            Conj           ##..         4%          1    None
b - Blink                 Tloc           N/A          14%         2    ##.....
c - Call Imp              Summ           #.......     13%         2    ##.....

Your spell library contained the following spells:

 Spells                   Type           Power        Failure   Level  Hunger
 Conjure Flame            Conj/Fire      #.......     24%         3    ###....
 Slow                     Hex            #.......     21%         2    ##.....
 Mephitic Cloud           Conj/Pois/Air  #.......     28%         3    ###....


Dungeon Overview and Level Annotations

Branches:
Dungeon (2/15)

Altars:

Annotations:
D:2 Natasha


Innate Abilities, Weirdness & Mutations

You have sharp toenails.


Message History

Natasha is severely wounded.
Natasha closely misses you.
You barely miss Natasha.
Natasha is severely wounded.
Natasha closely misses you.
You hit Natasha. You claw Natasha.
Natasha is almost dead.
Natasha claws you.
* * * LOW HITPOINT WARNING * * *
Casting: Magic Dart (safe; 4% risk of failure)
Confirm with . or Enter, or press ? or * to list all spells.
Aiming: Magic Dart (safe; 4% risk of failure)
Press: ? - help, Shift-Dir - straight line, f/p - Natasha
Aim: Natasha (almost dead)
You miscast Magic Dart.
You are very lightly contaminated with residual magic.
You smell something strange.
The shadow imp disappears in a puff of smoke!
Natasha claws you.
You die...

.....##.##.########
#.........# # #
#.####.###########
#.##.####............
###.#...##.#.#########.
..........###.# #.
####...##.#.## #.
##.####.## #. #@# ###
#. #h# #. ....$..ยง# #.
#####.### #. #. #. # #.
##. #.. #..


You could see Natasha.

Vanquished Creatures
  An adder (D:2)
  A worm (D:2)
  A leopard gecko (D:1)
  7 giant cockroaches (D:1)
  2 hobgoblins (D:1)
  A ball python (D:2)
  5 bats (D:1)
  3 frilled lizards
  3 goblins (D:1)
  A kobold (D:2)
  8 rats (D:1)
33 creatures vanquished.

Notes
Turn   | Place    | Note
-------+----------+-------------------------------------------
     0 | D:1      | sking99 the Demonspawn Wizard began the quest for the Orb.
     0 | D:1      | Reached XP level 1. HP: 13/13 MP: 4/4
   279 | D:1      | Gained mutation: You have sharp toenails. [demonic ancestry]
   279 | D:1      | Reached XP level 2. HP: 19/19 MP: 3/6
  1085 | D:1      | Reached XP level 3. HP: 22/24 MP: 2/7
  1115 | D:1      | Learned a level 2 spell: Blink
  1118 | D:1      | Learned a level 2 spell: Call Imp
  1332 | D:2      | Reached skill level 1 in Translocations
  1590 | D:2      | Noticed Natasha
  1611 | D:2      | Slain by Natasha

Vault maps used:
D:1:      dpeg_arrival_arbitrary_b
D:2:      uniq_natasha

Skill      XL: |  1  2  3 |
---------------+----------+-----
Conjurations   | 2 |  2.7
Translocations | 1 |  1.0
Dodging        | |  1.7
Stealth        | |  1.7
Spellcasting   | |  3.4
Summonings     | |  1.1

Action                   || total
-------------------------++-------
Melee: Unarmed           ||     4
       Dagger            ||    52
       Kick              ||    10
 Cast: Magic Dart        ||    81
  Use: Potion            ||     1
  Eat: Chunk             ||     2
Armor: Robe              ||    14
Dodge: Dodged            ||    45

Table legend:
 A = Spawn XP
 B = Non-spawn XP
 C = Spawn XP percentage of total XP
 D = Spawn monster count
 E = Non-spawn monster count
 F = Spawn count percentage of total count
 G = Total turns spent on level
                    A         B        C        D         E        F      G
               +---------+---------+-------+---------+---------+-------+---------
         Total |       0 |      64 |   0.0 |       0 |      33 |   0.0 |  1611
               +---------+---------+-------+---------+---------+-------+---------
           D:1 |       0 |      42 |   0.0 |       0 |      28 |   0.0 |  1278
           D:2 |       0 |      22 |   0.0 |       0 |       5 |   0.0 |   333
               +---------+---------+-------+---------+---------+-------+---------
